 Dungeon Crawl Stone Soup version 0.24.0-41-g2ae2f7f1be (webtiles) character file.

Game seed: 17851357568867623319, levelgen mode: deterministic

56 Iamsoldier the Skirmisher (level 3, -2/29 HPs)
             Began as a Demonspawn Fighter on Dec 12, 2019.
             Slain by an ogre
             ... wielding a +0 giant spiked club
              (6 damage)
             ... on level 2 of the Dungeon.
             The game lasted 00:02:11 (1734 turns).

Iamsoldier the Skirmisher (Demonspawn Fighter)      Turns: 1734, Time: 00:02:11

Health: -2/29      AC:  6    Str: 17    XL:     3   Next: 69%
Magic:  3/3        EV:  7    Int:  9    God:
Gold:   79         SH:  9    Dex: 12    Spells: 2/2 levels left

rFire    . . .     SeeInvis .   a - +0 trident
rCold    . . .     Gourm    .   c - +0 shield
rNeg     . . .     Faith    .   b - +0 scale mail
rPois    .         Spirit   .   (no helmet)
rElec    .         Reflect  .   (no cloak)
rCorr    .         Harm     .   (no gloves)
MR       .....                  (no boots)
Stlth    ..........             (no amulet)
HPRegen  0.09/turn              (no ring)
MPRegen  0.08/turn              (no ring)

@: no status effects
A: powered by pain 1
a: no special abilities


You were on level 2 of the Dungeon.
You were not hungry.

You visited 1 branch of the dungeon, and saw 2 of its levels.

You collected 79 gold pieces.

Inventory:

Hand Weapons
 a - a +0 trident (weapon)
Armour
 b - a +0 scale mail (worn)
 c - a +0 shield (worn)
Scrolls
 h - 3 scrolls of teleportation {unknown}
 i - 2 scrolls of fog {unknown}
 k - a scroll of magic mapping {unknown}
 l - a scroll of identify {unknown}
Potions
 e - a potion of degeneration {unknown}
 j - a potion of heal wounds {unknown}
Comestibles
 f - 2 rations
 g - 3 chunks of flesh


   Skills:
 + Level 3.4 Fighting
 * Level 2.6 Polearms
 + Level 3.0 Armour
 + Level 3.0 Shields


You had 2 spell levels left.
You didn't know any spells.
Your spell library was empty.

Dungeon Overview and Level Annotations

Branches:
Dungeon (2/15)

Altars:


Innate Abilities, Weirdness & Mutations

You sometimes gain a little power by taking damage.


Message History

You block the stone.
The kobold throws a stone.
The stone hits you but does no damage.
You see here 2 stones.
The kobold throws a stone.
The stone barely misses you.
There is an open door here.
You see here 2 stones.
Press: ? - help, v - describe, . - travel
Here: a goblin, wielding a +0 hunting sling The floor.
Unknown command.
Okay, then.
It was a potion of curing.
You feel better.
Your shield and scale mail prevent you from hitting the ogre.
The ogre hits you with a +0 giant spiked club!!
Ouch! That really hurt!
* * * LOW HITPOINT WARNING * * *
You barely miss the ogre. You block the ogre's attack.
Your shield and scale mail prevent you from hitting the ogre.
The ogre hits you with a +0 giant spiked club.
You die...

######## ##########......########
#...gKO@................
#.########.............# #.#
#.............#
##########.########..............
#(.........##....................
#....#####K##....................
#....# #.##....................
#....# #g##........##..........
##'#######.##........##..........


You could see an ogre, a goblin and a kobold.

Vanquished Creatures
  An adder (D:2)
  A worm (D:2)
  A dart slug (D:1)
  2 leopard geckos (D:2)
  4 bats
  3 giant cockroaches
  5 goblins (D:1)
  8 hobgoblins
  3 frilled lizards
  5 kobolds (D:1)
  4 rats
37 creatures vanquished.

Notes
Turn   | Place    | Note
-------+----------+-------------------------------------------
     0 | D:1      | Iamsoldier the Demonspawn Fighter began the quest for the
                  | Orb.
     0 | D:1      | Reached XP level 1. HP: 18/18 MP: 1/1
   185 | D:1      | Gained mutation: You sometimes gain a little power by
                  | taking damage. [demonic ancestry]
   185 | D:1      | Reached XP level 2. HP: 23/24 MP: 2/2
   995 | D:1      | Reached XP level 3. HP: 29/29 MP: 3/3
  1698 | D:2      | Noticed an ogre
  1734 | D:2      | Slain by an ogre

Levels and vault maps discovered:
D:1:      mushboom_english_gardens, layout_loops_corners, st_stairs_6,
          minmay_bisected
D:2:      layout_basic, lemuel_blue_sif_altar, first_ration

Skill      XL: |  1  2  3 |
---------------+----------+-----
Polearms       | 2 |  2.6
Armour         | 3 |  3.0
Shields        | 3 |  3.0
Fighting       | |  3.4

Action                   || total
-------------------------++-------
Melee: Trident           ||   127
  Use: Potion            ||     2
  Eat: Chunk             ||     3
Armor: Scale mail        ||    47
Dodge: Dodged            ||    31
Block: Shield            ||    54
